AoeStats
← BenJames

MegaRandom

504917802Analyzed
4v4 RM · 24d ago on Sep 7, 2026· 86m 4s· 8 players
Game mode
Random Map
Map size
Large (8 player)
Population
200
Speed
Normal
Resources
Standard
Victory
Conquest
Starting age
Dark Age
Ending age
Imperial Age
RankedLock teamsTeams togetherTeam positionsShared explorationLock speedFull tech treeHidden civsTurbo modeCheats
Victory
Defeat
🇨🇴 Mongols · Colombia
1064
+13
🇺🇸 Cumans · United States
1035
+14
🇺🇸 Spanish · United States
1006
+15
🇺🇸 Persians · United States
908
+20
🇦🇷 Goths · Argentina
1026
-17
🇨🇳 Koreans · China
1000
-48
🇦🇷 Georgians · Argentina
983
-15
🇦🇷 Ethiopians · Argentina
950
-17
EGIRR
3:45 Loom
12:16 Feudal Age
16:35 Castle Age
15:04 Double-Bit Axe
18:01 Bow Saw
18:51 Horse Collar
20:49 Wheelbarrow
22:39 Heavy Plow
24:55 Hand Cart
25:25 Town Watch
29:51 Imperial Age
30:15 Thumb Ring
30:08 Fletching
30:19 Padded Archer Armor
30:37 Town Patrol
30:29 Gold Mining
30:24 Crossbowman
32:51 Two-Man Saw
32:35 Gold Shaft Mining
32:26 Arbalester
33:38 Bodkin Arrow
33:59 Leather Archer Armor
35:08 Bracer
37:28 Onager
40:01 Ballistics
40:42 Chemistry
40:14 Ring Archer Armor
41:36 Stone Mining
41:53 Siege Engineers
42:57 Torsion Engines
44:37 Siege Onager
55:57 Guilds
57:40 Halberdier
58:21 Squires
58:07 Arson
58:24 Scale Mail Armor
58:36 Forging
58:41 Elite Skirmisher
59:05 Elite Skirmisher
63:08 Conscription
63:10 Chain Mail Armor
63:31 Iron Casting
64:22 Plate Mail Armor
70:54 Blast Furnace
Exánime
5:09 Loom
12:18 Feudal Age
13:44 Double-Bit Axe
15:57 Wheelbarrow
16:12 Gold Mining
16:19 Fishing Lines
21:01 Castle Age
21:28 Town Watch
22:50 Hand Cart
23:49 Gillnets
26:07 Fervor
27:19 Horse Collar
31:02 Imperial Age
29:25 Heavy Plow
30:27 Bow Saw
30:31 Squires
30:36 Scale Mail Armor
31:28 Forging
33:41 Chain Mail Armor
34:09 Crop Rotation
35:48 Anarchy
36:32 Iron Casting
35:55 Stone Mining
36:16 Perfusion
36:37 Conscription
36:30 Town Patrol
37:11 Stone Shaft Mining
37:09 Elite Huskarl
39:59 Chemistry
39:22 Ballistics
38:52 Fletching
40:04 Blast Furnace
39:05 Padded Archer Armor
46:29 Masonry
56:05 Pikeman
56:49 Halberdier
57:45 Bodkin Arrow
57:51 Padded Archer Armor
b3rm3
11:53 Loom
15:40 Feudal Age
19:29 Man-at-Arms
3857624682
2:17 Loom
14:19 Feudal Age
17:36 Wheelbarrow
21:25 Man-at-Arms
21:52 Arson
22:17 Town Watch
24:38 Castle Age
22:24 Town Watch
37:55 Imperial Age
37:22 Long Swordsman
37:51 Gambesons
39:54 Siphons
50:56 Chemistry
51:40 Chemistry
55:12 Light Cavalry
57:23 Squires
60:15 Ballistics
61:21 Crossbowman
62:11 Husbandry
64:21 Conscription
74:11 Pikeman
D4RKK
8:39 Loom
11:05 Feudal Age
11:28 Fishing Lines
12:16 Double-Bit Axe
19:18 Gold Mining
22:23 Castle Age
25:48 Stone Mining
30:00 Scale Barding Armor
31:01 Wheelbarrow
30:26 Gillnets
33:45 Medium Warships
34:03 Hand Cart
34:26 Caravan
38:00 Imperial Age
36:14 Kamandaran
37:25 Town Watch
38:28 Gold Shaft Mining
38:28 Stone Shaft Mining
38:05 Bow Saw
37:42 Horse Collar
38:34 Guilds
38:14 Crossbowman
38:59 Thumb Ring
39:24 Chain Barding Armor
39:04 Padded Archer Armor
38:55 Fletching
39:06 Scale Mail Armor
40:36 Two-Man Saw
41:42 Parthian Tactics
40:39 Heavy Cavalry Archer
41:38 Elite War Elephant
43:33 Heavy Plow
44:50 Chemistry
44:12 Ballistics
45:05 Leather Archer Armor
44:45 Bodkin Arrow
45:26 Plate Barding Armor
46:49 Town Patrol
46:23 Elite War Elephant
49:42 Husbandry
49:52 Bloodlines
49:06 Cavalier
51:00 Ring Archer Armor
50:41 Forging
50:46 Chain Mail Armor
52:33 Savar
55:23 Hoardings
61:37 Plate Mail Armor
61:43 Iron Casting
61:33 Conscription
61:28 Citadels
72:08 Onager
focosazules
14:50 Feudal Age
15:28 Fishing Lines
16:21 Bloodlines
17:11 Man-at-Arms
20:20 Castle Age
18:27 Horse Collar
18:59 Double-Bit Axe
19:57 Scale Mail Armor
22:14 Scale Barding Armor
24:03 Gold Mining
25:14 Stone Mining
28:37 Gold Shaft Mining
32:21 Imperial Age
30:12 Bow Saw
30:26 Loom
31:17 Wheelbarrow
31:23 Fletching
33:43 Hand Cart
33:15 Town Watch
34:31 Conscription
35:11 Forging
35:49 Town Patrol
36:14 Padded Archer Armor
35:58 Cavalier
37:36 Leather Archer Armor
38:00 Steppe Husbandry
38:49 Heavy Plow
39:51 Two-Man Saw
43:00 Ballistics
43:40 Chemistry
42:51 Masonry
42:37 Murder Holes
43:40 Iron Casting
43:20 Chain Mail Armor
43:21 Caravan
43:52 Coinage
43:32 Guilds
44:13 Chain Barding Armor
44:23 Ring Archer Armor
44:56 Hoardings
45:47 Blast Furnace
45:29 Heated Shot
46:30 Plate Mail Armor
48:10 Crop Rotation
48:03 Sappers
52:28 Elite Kipchak
53:09 Cuman Mercenaries
52:41 Light Cavalry
54:22 Clinker Construction
54:22 Careening
57:11 Plate Barding Armor
56:32 Bodkin Arrow
56:24 Hussar
59:08 Pikeman
59:48 Squires
59:34 Arson
60:32 Banking
60:03 Capped Ram
60:32 Halberdier
62:36 Long Swordsman
66:15 Paladin
66:59 Two-Handed Swordsman
75:15 Champion
85:12 Spies/Treason
85:50 Elite Steppe Lancer
CovertSpy
4:20 Loom
14:02 Feudal Age
15:18 Double-Bit Axe
20:43 Castle Age
18:46 Horse Collar
19:06 Stone Mining
19:07 Gold Mining
19:36 Man-at-Arms
22:54 Bow Saw
25:08 Bloodlines
24:58 Husbandry
31:51 Wheelbarrow
31:02 Town Watch
33:56 Hand Cart
33:42 Town Patrol
34:21 Forging
34:01 Fletching
35:32 Caravan
38:18 Bodkin Arrow
38:23 Padded Archer Armor
38:59 Iron Casting
38:24 Scale Mail Armor
38:29 Scale Barding Armor
39:50 Husbandry
40:21 Leather Archer Armor
43:41 Imperial Age
41:36 Murder Holes
45:23 Two-Man Saw
44:47 Conscription
45:19 Hoardings
45:54 Chemistry
46:50 Blast Furnace
47:52 Heavy Plow
48:39 Cavalier
53:46 Chain Mail Armor
53:51 Chain Barding Armor
55:46 Bracer
56:17 Ring Archer Armor
56:12 Ballistics
57:15 Stone Shaft Mining
58:31 Thumb Ring
62:11 Plate Mail Armor
62:16 Plate Barding Armor
62:42 Paladin
64:46 Plate Barding Armor
63:56 Elite Cannon Galleon
64:39 Capped Ram
64:40 Onager
66:04 Elite Skirmisher
69:44 Medium Warships
78:57 Gambesons
79:12 Squires
78:57 Arson
78:33 Pikeman
78:34 Long Swordsman
83:06 Elite Conquistador
84:06 Supremacy
83:46 Inquisition
BenJames
8:00 Loom
11:39 Feudal Age
12:16 Double-Bit Axe
14:23 Bloodlines
19:49 Castle Age
19:03 Gold Mining
23:17 Fletching
26:47 Medium Warships
33:19 Imperial Age
31:30 Fishing Lines
32:33 Wheelbarrow
33:47 Hand Cart
34:32 Gold Shaft Mining
34:29 Bow Saw
34:43 Bodkin Arrow
34:50 Padded Archer Armor
37:03 Conscription
37:17 Bracer
38:17 Ballistics
40:20 Chemistry
40:02 Parthian Tactics
40:20 Elite Mangudai
41:54 Leather Archer Armor
41:45 Scale Barding Armor
41:28 Crossbowman
43:57 Man-at-Arms
44:38 Squires
44:50 Forging
45:01 Chain Barding Armor
44:50 Elite Skirmisher
44:54 Heavy Cavalry Archer
45:07 Long Swordsman
46:06 Two-Handed Swordsman
48:01 Champion
50:03 Arson
53:07 Iron Casting
52:33 Scale Mail Armor
61:28 Blast Furnace
60:45 Chain Mail Armor
63:35 Horse Collar
67:31 Husbandry
72:16 Capped Ram
73:49 Thumb Ring
74:23 Siege Ram
Connection lost

Rejoining the realm…

Still unreachable

The connection could not be restored.

Session expired

The server has moved on; the page needs a fresh start.